 Dungeon Crawl Stone Soup version 0.21.0-37-g46506fa (webtiles) character file.

1818 tidbits the Digger (level 9, 58/58 HPs)
             Began as a Gnoll Earth Elementalist on Feb 1, 2018.
             Quit the game on level 6 of the Dungeon.
             The game lasted 00:14:12 (1181 turns).

tidbits the Digger (Gnoll Earth Elementalist)       Turns: 1181, Time: 00:14:13

Health: 58/58      AC:  2    Str: 11    XL:     9   Next: 10%
Magic:  18/18      EV: 16    Int: 20    God:
Gold:   117        SH:  0    Dex: 16    Spells: 7/20 levels left

rFire    . . .     SeeInvis .   a - +0 dagger
rCold    . . .     Gourm    .   (no shield)
rNeg     . . .     Faith    .   B - +0 robe
rPois    .         Spirit   .   (no helmet)
rElec    .         Reflect  .   (no cloak)
rCorr    .         Harm     .   (no gloves)
MR       .....                  (no boots)
Stlth    +++.......             (no amulet)
HPRegen  0.19/turn              (no ring)
MPRegen  0.16/turn              (no ring)

@: no status effects
A: distributed training, fangs 1, frail 1, mutation resistance 1, strong nose
a: no special abilities


You were on level 6 of the Dungeon.
You were not hungry.

You visited 1 branch of the dungeon, and saw 7 of its levels.
You also visited: Ossuary.

You collected 117 gold pieces.

Inventory:

Hand Weapons
 a - a +0 dagger (weapon)
 d - a +0 scythe
 j - a +0 rapier
Missiles
 b - 37 stones (quivered)
Armour
 l - a +0 buckler
 B - a +0 robe (worn)
Magical Staves
 i - an uncursed staff of death {unknown}
   (You found it on level 6 of the Dungeon)
Scrolls
 f - a scroll of blinking
 k - 4 scrolls of immolation
 m - a scroll of teleportation
 r - 5 scrolls of remove curse
 v - a scroll of noise
Potions
 h - 2 potions of heal wounds
 p - 3 potions of curing
 s - a potion of flight
 t - a potion of brilliance
 u - a potion of berserk rage
Books
 e - a book of Geomancy

   Spells                             Type                      Level
   a - Sandblast                      Earth                        1
   b - Passwall                       Transmutation/Earth          2
   c - Stone Arrow                    Conjuration/Earth            3
   d - Petrify                        Transmutation/Earth          4
   e - Lee's Rapid Deconstruction     Earth                        5
 g - a book of Changes
   (You found it on level 7 of the Dungeon)

   Spells                             Type                      Level
   a - Beastly Appendage              Transmutation                1
   b - Sticks to Snakes               Transmutation                2
   c - Spider Form                    Transmutation/Poison         3
   d - Ice Form                       Ice/Transmutation            4
   e - Blade Hands                    Transmutation                5
Comestibles
 c - 2 rations


   Skills:
 + Level 3.8 Fighting
 + Level 3.8 Short Blades
 + Level 3.8 Long Blades
 + Level 3.8 Axes
 + Level 3.8 Maces & Flails
 + Level 3.8 Polearms
 + Level 3.8 Staves
 + Level 3.8 Slings
 + Level 3.8 Bows
 + Level 3.8 Crossbows
 + Level 3.8 Throwing
 + Level 3.8 Armour
 + Level 6.0 Dodging
 + Level 5.7 Stealth
 + Level 3.8 Shields
 + Level 3.8 Unarmed Combat
 + Level 6.3 Spellcasting
 + Level 3.1 Conjurations
 + Level 3.1 Hexes
 + Level 3.1 Charms
 + Level 3.1 Summonings
 + Level 3.1 Necromancy
 + Level 3.1 Translocations
 + Level 3.9 Transmutations
 + Level 3.1 Fire Magic
 + Level 3.1 Ice Magic
 + Level 3.1 Air Magic
 + Level 6.3 Earth Magic
 + Level 3.1 Poison Magic
 + Level 4.2 Invocations
 + Level 3.8 Evocations


You had 7 spell levels left.
You knew the following spells:

 Your Spells              Type           Power        Failure   Level  Hunger
a - Sandblast             Erth           ####..       1%          1    None
b - Beastly Appendage     Tmut           ###...       1%          1    None
e - Petrify               Tmut/Erth      ####....     12%         4    ####...
k - Sticks to Snakes      Tmut           ###.....     3%          2    None
p - Passwall              Tmut/Erth      ####......   1%          2    None
s - Stone Arrow           Conj/Erth      ####..       4%          3    ##.....


Dungeon Overview and Level Annotations

Branches:
Dungeon (8/15)
 Temple: D:4-7         Lair: D:8-11

Altars:

Annotations:
D:6 pk666's ghost, novice MiBe


Innate Abilities, Weirdness & Mutations

Your experience applies equally to all skills.
You have very sharp teeth.
Your uncanny sense of smell can sniff out nearby items.
You are frail. (-10% HP)
You are somewhat resistant to further mutation.


Message History

The helpless quokka zombie fails to defend itself.
You impale the quokka zombie!!
You destroy the quokka zombie!
A leopard gecko and an orc come into view.
Found 14 sling bullets.
An ice beast comes into view.
An adder skeleton comes into view.
Casting: Passwall
Confirm with . or Enter, or press ? or * to list all spells.
Aiming: Sandblast
Press: ? - help, Shift-Dir - straight line, f - adder skeleton
Aim: an adder skeleton The blast of sand hits the adder skeleton.
You destroy the adder skeleton!
b - 40 stones
Casting: Sandblast
Confirm with . or Enter, or press ? or * to list all spells.
You can't see any susceptible monsters within range! (Use Z to cast anyway.) Unknown command.
Casting: Sandblast
Confirm with . or Enter, or press ? or * to list all spells.
Which direction?
This rock feels extremely deep.
Unknown command.
Casting: Passwall
Confirm with . or Enter, or press ? or * to list all spells.
You don't know that spell.
Casting: Passwall
Confirm with . or Enter, or press ? or * to list all spells.
Which direction?
This rock feels extremely deep.
Unknown command.
A bullfrog zombie comes into view.
Casting: Passwall
Confirm with . or Enter, or press ? or * to list all spells.
Which direction?
You begin to meditate on the wall.
You continue meditating on the rock. x3
You finish merging with the rock.
Found a leatherbound book.
The helpless bullfrog zombie fails to defend itself.
You impale the bullfrog zombie!!
The bullfrog zombie is almost destroyed.
The bullfrog zombie misses you. The bullfrog zombie closely misses you.
Casting: Passwall
Confirm with . or Enter, or press ? or * to list all spells.
Aiming: Sandblast
Press: ? - help, Shift-Dir - straight line, f - bullfrog zombie
Aim: a bullfrog zombie (almost destroyed)
The blast of sand hits the bullfrog zombie.
You destroy the bullfrog zombie!
b - 39 stones You see here a book of Changes.
g - a book of Changes Memorise Sticks to Snakes, consuming 2 spell levels and leaving 8?
You start memorising the spell.
You continue memorising. x2
You finish memorising.
Spell assigned to 'k'.
Memorise Beastly Appendage, consuming 1 spell level and leaving 7?
You start memorising the spell.
You continue memorising.
You finish memorising.
Spell assigned to 'b'.
Adjust (i)tems, (s)pells, or (a)bilities?
Adjust which spell?
Okay, then.
Found 23 bolts.
A phantom comes into view.
Found a mace.
Unknown command.
Casting: Sandblast
Confirm with . or Enter, or press ? or * to list all spells.
Aiming: Sandblast
Press: ? - help, Shift-Dir - straight line, f - phantom
Aim: a phantom The blast of sand hits the phantom.
The phantom is lightly damaged.
b - 38 stones
Casting: Sandblast
Confirm with . or Enter, or press ? or * to list all spells.
Aiming: Sandblast
Press: ? - help, Shift-Dir - straight line, f/p - phantom
Aim: a phantom (lightly damaged)
The blast of sand hits the phantom.
The phantom is moderately damaged.
b - 37 stones The phantom blinks!
Casting: Sandblast
Confirm with . or Enter, or press ? or * to list all spells.
You can't see any susceptible monsters within range! (Use Z to cast anyway.)
Found a potion of curing.
Found a plate armour.
You see here a potion of curing.
p - 3 potions of curing (gained 1) Unknown command.
The phantom blinks!
Found 16 gold pieces.
Found 15 gold pieces.
There is a stone staircase leading up here.
You climb upwards.
Level annotation: pk666's ghost, novice MiBe
There is a stone staircase leading down here.
Unknown command.
Are you sure you want to abandon this character and quit the game? (Confirm with "yes".)

###########
#.........#
#.........#
#...@.....#
#.........#
#.........#
#.........#
#.........#
#.........#
#.........#
#.........##
#######
######.....#
..#.....


There were no monsters in sight!

Vanquished Creatures
  A two-headed ogre (D:8)
  Prince Ribbit (D:6)
  Sigmund (D:6)
  A sky beast (D:8)
  An ogre (D:6)
  A centaur (D:6)
  2 bullfrogs (D:6)
  A scorpion (D:3)
  A wyvern skeleton (D:6)
  3 crimson imps
  A bullfrog zombie (D:7)
  An orc priest (D:6)
  A hound (D:7)
  An iguana (D:6)
  A worker ant (D:6)
  4 mummies (Ossuary)
  4 adders
  An adder skeleton (D:7)
  2 leopard geckos
  3 orcs (D:6)
  2 giant cockroaches (D:3)
  2 goblins (D:1)
  3 hobgoblins (D:1)
  5 jackals
  5 kobolds
  A quokka (D:3)
  4 bats
  3 frilled lizards
  A quokka zombie (D:7)
  A rat (D:2)
59 creatures vanquished.

Notes
Turn   | Place    | Note
-------+----------+-------------------------------------------
     0 | D:1      | tidbits the Gnoll Earth Elementalist began the quest for the Orb.
     0 | D:1      | Reached XP level 1. HP: 13/13 MP: 6/6
    31 | D:1      | Reached skill level 2 in Transmutations
    44 | D:1      | Reached XP level 2. HP: 19/19 MP: 2/7
    48 | D:1      | Learned a level 2 spell: Passwall
   177 | D:3      | Reached XP level 3. HP: 25/25 MP: 6/9
   182 | D:3      | Learned a level 3 spell: Stone Arrow
   233 | D:4      | Noticed a scorpion
   240 | D:3      | Killed a scorpion
   240 | D:3      | Reached skill level 1 in Fighting
   240 | D:3      | Reached skill level 1 in Short Blades
   240 | D:3      | Reached skill level 1 in Long Blades
   240 | D:3      | Reached skill level 1 in Axes
   240 | D:3      | Reached skill level 1 in Maces & Flails
   240 | D:3      | Reached skill level 1 in Polearms
   240 | D:3      | Reached skill level 1 in Staves
   240 | D:3      | Reached skill level 1 in Slings
   240 | D:3      | Reached skill level 1 in Bows
   240 | D:3      | Reached skill level 1 in Crossbows
   240 | D:3      | Reached skill level 1 in Throwing
   240 | D:3      | Reached skill level 1 in Armour
   240 | D:3      | Reached skill level 1 in Shields
   240 | D:3      | Reached skill level 1 in Unarmed Combat
   240 | D:3      | Reached skill level 5 in Spellcasting
   240 | D:3      | Reached skill level 1 in Invocations
   240 | D:3      | Reached skill level 1 in Evocations
   240 | D:3      | Reached XP level 4. HP: 23/32 MP: 4/11
   318 | D:3      | Reached skill level 1 in Conjurations
   318 | D:3      | Reached skill level 1 in Hexes
   318 | D:3      | Reached skill level 1 in Charms
   318 | D:3      | Reached skill level 1 in Summonings
   318 | D:3      | Reached skill level 1 in Necromancy
   318 | D:3      | Reached skill level 1 in Translocations
   318 | D:3      | Reached skill level 1 in Fire Magic
   318 | D:3      | Reached skill level 1 in Ice Magic
   318 | D:3      | Reached skill level 1 in Air Magic
   318 | D:3      | Reached skill level 1 in Poison Magic
   462 | D:3      | You fall through a shaft for 3 floors!
   462 | D:6      | Noticed a bullfrog
   464 | D:6      | Reached XP level 5. HP: 37/37 MP: 9/12
   508 | D:7      | Reached XP level 6. HP: 44/44 MP: 9/13
   511 | D:8      | Noticed a two-headed ogre
   519 | D:8      | Killed a two-headed ogre
   519 | D:8      | Reached skill level 2 in Fighting
   519 | D:8      | Reached skill level 2 in Short Blades
   519 | D:8      | Reached skill level 2 in Long Blades
   519 | D:8      | Reached skill level 2 in Axes
   519 | D:8      | Reached skill level 2 in Maces & Flails
   519 | D:8      | Reached skill level 2 in Polearms
   519 | D:8      | Reached skill level 2 in Staves
   519 | D:8      | Reached skill level 2 in Slings
   519 | D:8      | Reached skill level 2 in Bows
   519 | D:8      | Reached skill level 2 in Crossbows
   519 | D:8      | Reached skill level 2 in Throwing
   519 | D:8      | Reached skill level 2 in Armour
   519 | D:8      | Reached skill level 5 in Dodging
   519 | D:8      | Reached skill level 5 in Stealth
   519 | D:8      | Reached skill level 2 in Shields
   519 | D:8      | Reached skill level 2 in Unarmed Combat
   519 | D:8      | Reached skill level 2 in Conjurations
   519 | D:8      | Reached skill level 2 in Hexes
   519 | D:8      | Reached skill level 2 in Charms
   519 | D:8      | Reached skill level 2 in Summonings
   519 | D:8      | Reached skill level 2 in Necromancy
   519 | D:8      | Reached skill level 2 in Translocations
   519 | D:8      | Reached skill level 3 in Transmutations
   519 | D:8      | Reached skill level 2 in Fire Magic
   519 | D:8      | Reached skill level 2 in Ice Magic
   519 | D:8      | Reached skill level 2 in Air Magic
   519 | D:8      | Reached skill level 2 in Poison Magic
   519 | D:8      | Reached skill level 3 in Invocations
   519 | D:8      | Reached skill level 2 in Evocations
   519 | D:8      | Reached XP level 7. HP: 8/51 MP: 5/15
   519 | D:8      | Reached XP level 8. HP: 10/57 MP: 5/16
   522 | D:8      | Reached skill level 6 in Earth Magic
   530 | D:8      | Found a sand-covered staircase.
   547 | Ossuary  | Entered an ossuary
   690 | D:8      | Reached skill level 3 in Fighting
   690 | D:8      | Reached skill level 3 in Short Blades
   690 | D:8      | Reached skill level 3 in Long Blades
   690 | D:8      | Reached skill level 3 in Axes
   690 | D:8      | Reached skill level 3 in Maces & Flails
   690 | D:8      | Reached skill level 3 in Polearms
   690 | D:8      | Reached skill level 3 in Staves
   690 | D:8      | Reached skill level 3 in Slings
   690 | D:8      | Reached skill level 3 in Bows
   690 | D:8      | Reached skill level 3 in Crossbows
   690 | D:8      | Reached skill level 3 in Throwing
   690 | D:8      | Reached skill level 3 in Armour
   690 | D:8      | Reached skill level 3 in Shields
   690 | D:8      | Reached skill level 3 in Unarmed Combat
   690 | D:8      | Reached skill level 3 in Evocations
   800 | D:6      | Noticed Sigmund
   809 | D:6      | Killed Sigmund
   809 | D:6      | Reached skill level 6 in Spellcasting
   841 | D:6      | Noticed Prince Ribbit
   848 | D:6      | Killed Prince Ribbit
   858 | D:6      | Learned a level 4 spell: Petrify
   950 | D:6      | Noticed pk666's ghost (novice MiBe)
   951 | D:6      | Gained mutation: You are frail. (-10% HP) [potion of mutation]
   951 | D:6      | Gained mutation: You are somewhat resistant to further mutation. [potion of mutation]
   959 | D:6      | Reached skill level 3 in Conjurations
   959 | D:6      | Reached skill level 3 in Hexes
   959 | D:6      | Reached skill level 3 in Charms
   959 | D:6      | Reached skill level 3 in Summonings
   959 | D:6      | Reached skill level 3 in Necromancy
   959 | D:6      | Reached skill level 3 in Translocations
   959 | D:6      | Reached skill level 3 in Fire Magic
   959 | D:6      | Reached skill level 3 in Ice Magic
   959 | D:6      | Reached skill level 3 in Air Magic
   959 | D:6      | Reached skill level 3 in Poison Magic
   959 | D:6      | Reached skill level 4 in Invocations
  1006 | D:6      | Reached XP level 9. HP: 43/58 MP: 15/18
  1013 | D:6      | Reached skill level 6 in Dodging
  1103 | D:7      | Learned a level 2 spell: Sticks to Snakes
  1105 | D:7      | Learned a level 1 spell: Beastly Appendage
  1181 | D:6      | Quit the game

Skill      XL: |  1  2  3  4  5  6  7  8  9 |
---------------+----------------------------+-----
Transmutations | 2 3 |  3.9
Fighting       | 1 2 3 |  3.8
Short Blades   | 1 2 3 |  3.8
Long Blades    | 1 2 3 |  3.8
Axes           | 1 2 3 |  3.8
Maces & Flails | 1 2 3 |  3.8
Polearms       | 1 2 3 |  3.8
Staves         | 1 2 3 |  3.8
Slings         | 1 2 3 |  3.8
Bows           | 1 2 3 |  3.8
Crossbows      | 1 2 3 |  3.8
Throwing       | 1 2 3 |  3.8
Armour         | 1 2 3 |  3.8
Shields        | 1 2 3 |  3.8
Unarmed Combat | 1 2 3 |  3.8
Spellcasting   | 5 6 |  6.3
Invocations    | 1 3 4 |  4.2
Evocations     | 1 2 3 |  3.8
Conjurations   | 1 2 3 |  3.1
Hexes          | 1 2 3 |  3.1
Charms         | 1 2 3 |  3.1
Summonings     | 1 2 3 |  3.1
Necromancy     | 1 2 3 |  3.1
Translocations | 1 2 3 |  3.1
Fire Magic     | 1 2 3 |  3.1
Ice Magic      | 1 2 3 |  3.1
Air Magic      | 1 2 3 |  3.1
Poison Magic   | 1 2 3 |  3.1
Dodging        | 5 6 |  6.0
Stealth        | 5 |  5.7
Earth Magic    | 6 |  6.3

Action                   |  1- 3 |  4- 6 |  7- 9 || total
-------------------------+-------+-------+-------++-------
Melee: Dagger            |     9 |    12 |    23 ||    44
       Unarmed           |       |       |     3 ||     3
       Bite              |       |       |     1 ||     1
 Cast: Sandblast         |    15 |    21 |    25 ||    61
       Passwall          |     2 |     4 |     6 ||    12
       Petrify           |       |       |     1 ||     1
  Use: Potion            |       |     2 |     6 ||     8
       Scroll            |       |     2 |     9 ||    11
 Stab: Sleeping          |     6 |     8 |     9 ||    23
       Petrifying        |       |       |     2 ||     2
       Petrified         |       |       |     1 ||     1
  Eat: Ration            |       |       |     1 ||     1
Armor: Robe              |     1 |     5 |     1 ||     7
       Skin              |       |       |     1 ||     1
Dodge: Dodged            |     7 |    15 |    12 ||    34

Table legend:
 A = Turns spent in this place as a percentage of turns spent in the entire game.
 B = Non-inter-level travel turns spent in this place as a percentage of non-inter-level travel turns spent in the entire game.
 C = Inter-level travel turns spent in this place as a percentage of turns spent in this place.
 D = Turns resting spent in this place as a percentage of non-inter-level travel turns spent in this place.
 E = Turns spent auto-exploring this place as a percentage of non-inter-level travel turns spent in this place.
 F = Non-inter-level travel turns spent in this place divided by the number of levels of this place that you've seen.
                   A       B       C       D       E      F
               +-------+-------+-------+-------+-------+----------------------
         Total | 100.0 | 100.0 |   0.0 |   0.0 |   0.0 | 147.6
       Dungeon |  88.1 |  88.1 |   0.0 |   0.0 |   0.0 | 148.7
       Ossuary |  11.9 |  11.9 |   0.0 |   0.0 |   0.0 | 140.0
               +-------+-------+-------+-------+-------+----------------------

Table legend:
 A = Kills in this place as a percentage of kills in entire the game.
 B = Kills by you in this place as a percentage of kills by you in the entire game.
 C = Kills by friends in this place as a percentage of kills by friends in the entire game.
 D = Other kills in this place as a percentage of other kills in the entire game.
 E = Experience gained in this place as a percentage of experience gained in the entire game.
 F = Experience gained in this place divided by the number of levels of this place that you have seen.
                   A       B       C       D       E      F
               +-------+-------+-------+-------+-------+----------------------
         Total | 100.0 | 100.0 |   N/A |   N/A | 100.0 | 324.8
       Dungeon |  93.2 |  93.2 |   N/A |   N/A |  97.2 | 360.9
       Ossuary |   6.8 |   6.8 |   N/A |   N/A |   2.8 |  72.0
               +-------+-------+-------+-------+-------+----------------------

Vault maps used:
D:1:      dpeg_arrival_rooms_with_view, palyth_stone_intersect
D:2:      lemuel_doored_altar, first_ration
D:4:      corexii_shack_village, temple_statues, serial_shops, shop,
          uniq_crazy_yiuf_cottage
D:6:      minmay_item_behind_shaft, uniq_sigmund, uniq_prince_ribbit1
D:7:      serial_shops, nicolae_shop_stone
D:8:      dpeg_oklobed_lair, chequers_ossuary_entry_cave, serial_shops, shop,
          uniq_joseph
Ossuary:  ossuary_crypta
